Map: Bridgehead LE (Void)

Players

wabbajack

  • Race: Zerg Zerg
  • League: Gold

Frey - Winner!

  • Race: Zerg Zerg
  • League: Gold

VOD

Have the link to the VOD?

Description

Time

  • Played on: July 21, 2015, 6:54 p.m.
  • Length: 6:06
Show
View Real Time Build Order
Export as new Build Order

wabbajack Zerg 

Build Orders: Hatch First 

Get SALT Encoding   

  12  0:01  Drone  
  13  0:14  Overlord  
  13  0:30  Drone  
  13  0:33  Drone x2  
  16  0:41  Drone  
  17  0:54  Hatchery  
  16  0:58  Drone  
  16  1:03  Drone, Extractor  
  17  1:13  Drone  
  18  1:20  Spawning Pool  
  18  1:25  Drone  
  18  1:44  Drone  
  18  1:46  Overlord  
  19  2:08  Queen x2  
  21  2:10  Drone  
  21  2:11  Drone x2  
  26  2:19  Roach Warren  
  25  2:27  Spine Crawler  
  25  2:28  Zergling x2  
  25  2:30  Drone  
  25  2:32  Drone  
  25  2:37  Drone  
  28  3:01  Drone  
  28  3:02  Drone  
  28  3:03  Overlord x2  
  28  3:05  Metabolic Boost  
  30  3:07  Roach  
  30  3:08  Roach  
  34  3:16  Roach  
  36  3:21  Extractor  
  36  3:22  Extractor  
  36  3:32  Roach  
  36  3:33  Roach x4  
  46  3:45  Roach  
  46  3:47  Roach  
  46  3:48  Roach  
  52  3:52  Overlord x2  
  52  4:13  Zergling x16  
  52  4:14  Zergling x2  
  61  4:19  Overlord  
  61  4:32  Baneling Nest  
  61  4:36  Zergling x2  
  61  4:37  Zergling x10  
  66  4:39  Zergling x2  
  67  4:56  Zergling x2  
  67  4:57  Zergling x10  
  52  5:22  Zergling x12  
  58  5:29  Zergling x2  
  58  5:30  Zergling x6  
Show
View Real Time Build Order
Export as new Build Order

Frey Zerg - Winner!

Build Orders: Hatch First 

Get SALT Encoding   

  12  0:09  Overlord  
  12  0:14  Drone  
  12  0:17  Drone  
  14  0:28  Drone  
  15  0:36  Drone  
  16  0:50  Hatchery  
  15  1:05  Spawning Pool  
  14  1:13  Drone x2  
  14  1:16  Drone  
  17  1:25  Drone  
  18  1:35  Extractor  
  18  1:38  Drone, Extractor  
  17  1:45  Drone  
  18  1:56  Queen  
  18  1:57  Roach Warren  
  18  2:00  Drone  
  20  2:10  Queen  
  22  2:21  Zergling x2  
  22  2:22  Drone  
  24  2:23  Drone  
  25  2:40  Drone x3  
  28  2:44  Lair  
  28  3:00  Overlord  
  28  3:18  Overlord  
  28  3:22  Roach x4  
  28  3:24  Overlord  
  36  3:43  Hydralisk Den  
  36  3:44  Drone x5  
  36  3:45  Drone x2  
  42  3:52  Drone x2  
  42  3:53  Drone  
  45  4:03  Overlord, Drone  
  45  4:04  Drone  
  46  4:18  Roach x2  
  46  4:19  Roach  
  56  4:24  Roach x3  
  56  4:27  Roach  
  60  4:33  Spine Crawler  
  60  4:37  Spine Crawler  
  58  4:44  Roach  
  60  4:46  Overlord  
  58  5:03  Roach x3  
  60  5:09  Roach  
  60  5:13  Roach x3  
  63  5:21  Roach x3  
  65  5:29  Roach  
  67  5:42  Roach x2  
Tags
 
Add a new tag
Caveats
  • Supply blocks, unpowered buildings, or Contaminate may cause inaccurate times.
  • Supply counts are checked every 10 seconds.